 Dungeon Crawl Stone Soup version 0.27-a0-1200-g94dc6ad4cf (webtiles) character file.

Game seed: 13549179357360733481

52 polve the Chopper (level 3, -2/27 HPs)
             Began as a Demonspawn Gladiator on May 30, 2021.
             Slain by a gnoll
             ... wielding a +0 club
              (4 damage)
             ... on level 2 of the Dungeon.
             The game lasted 00:01:18 (1747 turns).

polve the Chopper (Demonspawn Gladiator)            Turns: 1747, Time: 00:01:19

Health: -2/27      AC:  7    Str: 15    XL:     3   Next: 60%
Magic:  3/3        EV: 12    Int:  9    God:
Gold:   48         SH:  0    Dex: 14    Spells: 2/2 levels left

rFire    . . .     SeeInvis .   a - +0 war axe
rCold    . . .     Faith    .   (no shield)
rNeg     . . .     Spirit   .   b - +0 leather armour
rPois    .         Reflect  .   c - +0 helmet
rElec    .         Harm     .   (no cloak)
rCorr    .         Rampage  .   (no gloves)
Will     .....                  (no boots)
Stlth    +.........             (no amulet)
HPRegen  0.09/turn              (no ring)
MPRegen  0.08/turn              (no ring)

@: invisible
A: slimy green scales 2
a: no special abilities


You were on level 2 of the Dungeon.
You visited 1 branch of the dungeon, and saw 2 of its levels.

You collected 48 gold pieces.

Inventory:

Hand Weapons
 a - a +0 war axe (weapon)
Missiles
 d - 3 throwing nets (quivered)
Armour
 b - a +0 leather armour (worn)
 c - a +0 helmet (worn)
 k - a +0 pair of boots
Scrolls
 e - a scroll of identify {unknown}
 g - 3 scrolls of fog {unknown}
 h - a scroll of magic mapping {unknown}
 i - a scroll of noise {unknown}
 j - a scroll of blinking {unknown}
 l - a scroll of enchant armour {unknown}


   Skills:
 - Level 2.0 Fighting
 + Level 4.2 Axes
 - Level 1.7 Throwing
 - Level 2.6 Dodging


You had 2 spell levels left.
You didn't know any spells.
Your spell library was empty.

Dungeon Overview and Level Annotations

Branches:
Dungeon (2/15)

Altars:

Shops:
D:1 [?=


Innate Abilities, Weirdness & Mutations

You are mostly covered in slimy green scales. (AC +3)


Message History

You are too injured to fight recklessly!
You are too injured to fight recklessly!
You are too injured to fight recklessly!
You are too injured to fight recklessly!
You are too injured to fight recklessly!
You are too injured to fight recklessly!
You are too injured to fight recklessly!
You are too injured to fight recklessly!
You are too injured to fight recklessly!
You are too injured to fight recklessly!
You are too injured to fight recklessly!
You are too injured to fight recklessly!
You are too injured to fight recklessly!
You are too injured to fight recklessly!
You are too injured to fight recklessly!
You are too injured to fight recklessly!
You are too injured to fight recklessly!
There are monsters nearby!
There are monsters nearby!
You barely miss the gnoll. The gnoll closely misses you.
You barely miss the gnoll. The gnoll barely misses you.
A gnoll comes into view. It is wielding a +0 whip.
The gnoll hits you but does no damage.
The gnoll shouts!
You hit the gnoll.
The gnoll is lightly wounded.
The gnoll hits you with a +0 halberd. The gnoll hits you with a +0 club.
You closely miss the gnoll. You hit the gnoll but do no damage.
The gnoll hits you but does no damage. The gnoll hits you with a +0 club.
The gnoll hits you with a +0 halberd!
* * * LOW HITPOINT WARNING * * *
You hit the gnoll but do no damage. You closely miss the gnoll.
The gnoll misses you.
A gnoll comes into view. It is wielding a +0 flail.
The gnoll barely misses you. The gnoll hits you but does no damage.
It was a potion of invisibility.
You fade into invisibility!
The gnoll hits you but does no damage. The gnoll closely misses you.
The gnoll hits you with a +0 club.
You die...

#.####### #.......# ..
#######.#####.# .#
...........##.##.#####.
#######.##............
##...####.#...#.##.
#.....# #.......g..
##...####...g...#
##....)...@g...#
#.#####.g.....# #.#
##.....## #+# ##...##
##.... .#### .. ...


You could see 4 gnolls.

Vanquished Creatures
  A worm (D:2)
  2 dart slugs (D:1)
  5 ball pythons (D:1)
  2 bats (D:1)
  6 endoplasms
  A giant cockroach (D:1)
  5 goblins
  5 hobgoblins
  2 frilled lizards (D:1)
  8 kobolds
  2 rats (D:1)
39 creatures vanquished.

Notes
Turn   | Place    | Note
-------+----------+-------------------------------------------
     0 | D:1      | polve the Demonspawn Gladiator began the quest for the Orb.
     0 | D:1      | Reached XP level 1. HP: 16/16 MP: 1/1
    37 | D:1      | Reached skill level 3 in Axes
   249 | D:1      | Gained mutation: You are partially covered in slimy green
                  | scales. (AC +2) [demonic ancestry]
   249 | D:1      | Reached XP level 2. HP: 22/22 MP: 2/2
   565 | D:1      | Found Ixtoadag's Jewellery Emporium.
   852 | D:1      | Gained mutation: You are mostly covered in slimy green
                  | scales. (AC +3) [demonic ancestry]
   852 | D:1      | Reached XP level 3. HP: 27/27 MP: 3/3
  1136 | D:1      | Reached skill level 4 in Axes
  1137 | D:1      | Found a faded altar of an unknown god.
  1203 | D:1      | Found Qiocuur's Antique Armour Shop.
  1203 | D:1      | Found Saranaqo's Magic Scroll Shoppe.
  1745 | D:2      | HP: 1/27 [gnoll/+0 halberd (12)]
  1747 | D:2      | Slain by a gnoll

Illustrated notes

Levels and vault maps discovered:
D:1:      beargit_arrival_diablo_church, layout_basic, serial_shops, shop,
          shop_fountains, nicolae_shop_stone, basic_ecumenical_altar
D:2:      layout_loops_corners, uniq_crazy_yiuf_cottage

Skill      XL: |  1  2  3 |
---------------+----------+-----
Axes           | 3 4 |  4.2
Fighting       | |  2.0
Throwing       | |  1.7
Dodging        | |  2.6

Action                   || total
-------------------------++-------
Melee: War axe           ||   121
  Use: Potion            ||     1
Armor: Leather armour    ||    47
Dodge: Dodged            ||    76

Table legend: (Time is in decaauts)
 A = Elapsed time spent in this place.
 B = Non-inter-level travel time spent in this place.
 C = Inter-level travel time spent in this place.
 D = Time resting spent in this place.
 E = Time spent auto-exploring this place.
 F = Levels seen in this place.
 G = Mean time per level.
                   A        B        C        D        E       F      G
               +--------+--------+--------+--------+--------+-----+--------+
         Total |   1791 |   1746 |     45 |      0 |   1444 |   2 |  895.5 |
       Dungeon |   1791 |   1746 |     45 |      0 |   1444 |   2 |  895.5 |
               +--------+--------+--------+--------+--------+-----+--------+

Top non-repeatable levels by time:
     D:1: 1367 daAuts
     D:2: 424 daAuts
